Map: [ESL] Inside and Out

Players

ByuN

  • Race: Terran Terran
  • Spawn Location: 1:00

uThermal - Winner!

  • Race: Terran Terran
  • Spawn Location: 7:00

Event: DreamHack SC2 Masters 2022 Valencia

VOD

Have the link to the VOD?

Description

Time

  • Played on: July 1, 2022, 4:09 p.m.
  • Length: 8:24

All games in this series

Show
View Real Time Build Order
Export as new Build Order

ByuN Terran 

Build Orders:  

Get SALT Encoding   

  12  0:00  SCV  
  13  0:12  SCV  
  14  0:17  Supply Depot  
  14  0:24  SCV  
  15  0:38  SCV  
  15  0:40  Barracks  
  16  0:43  Refinery  
  16  0:50  SCV  
  16  0:52  Refinery  
  17  1:03  SCV  
  18  1:15  SCV  
  19  1:27  Orbital Command, Reaper  
  19  1:32  Supply Depot  
  20  1:39  Factory  
  20  1:53  SCV  
  21  1:59  Reaper  
  22  2:05  SCV  
  23  2:17  SCV  
  23  2:19  Command Center  
  24  2:25  Hellion  
  24  2:29  SCV  
  27  2:31  Reaper  
  27  2:36  Supply Depot  
  28  2:41  SCV  
  29  2:47  Widow Mine  
  31  2:53  Starport  
  31  2:57  SCV  
  32  3:03  Barracks Reactor  
  32  3:08  Factory Tech Lab  
  32  3:09  SCV  
  33  3:18  Refinery  
  33  3:22  SCV  
  34  3:28  Cyclone  
  34  3:29  Starport Tech Lab  
  34  3:31  Orbital Command  
  34  3:34  SCV  
  38  3:40  Marine x2  
  40  3:46  SCV  
  40  3:47  Raven  
  43  3:56  Supply Depot  
  43  3:58  SCV x2  
  43  4:02  Siege Tank  
  46  4:07  Marine  
  47  4:10  SCV x2  
  47  4:12  Supply Depot  
  49  4:22  SCV x2  
  52  4:28  Marine x2  
  52  4:30  Medivac  
  55  4:34  SCV x2, Supply Depot  
  57  4:39  Siege Tank  
  60  4:46  SCV x2  
  60  4:52  Command Center  
  63  4:53  Marine x2  
  63  4:57  Supply Depot  
  64  5:01  Refinery  
  64  5:03  SCV x2  
  66  5:11  Siege Tank  
  69  5:15  Viking  
  69  5:17  Viking  
  69  5:21  SCV x2  
  75  5:27  Marine  
  75  5:28  Stimpack  
  76  5:33  SCV x2  
  76  5:34  Supply Depot  
  78  5:47  SCV x2  
  80  5:50  Barracks  
  80  5:52  Barracks  
  80  5:56  Viking x2  
  84  5:58  Marine  
  85  6:04  SCV x2  
  85  6:05  Supply Depot  
  85  6:06  Siege Tank  
  89  6:14  Orbital Command  
  89  6:18  Marine  
  91  6:22  Engineering Bay, SCV x2  
  91  6:23  Engineering Bay  
  92  6:28  Viking  
  92  6:31  Viking  
  96  6:34  SCV x2  
  98  6:41  Siege Tank  
  98  6:42  Barracks Reactor x2  
  98  6:44  Orbital Command  
  101  6:51  Supply Depot  
  101  6:53  SCV x2  
  103  7:00  Marine  
  103  7:01  Viking  
  103  7:05  Viking, SCV x2  
  107  7:17  SCV x2  
  107  7:20  Siege Tank  
  107  7:21  Marine x2  
  114  7:23  Marine x2  
  114  7:25  Marine  
  115  7:39  Marine x2  
  115  7:40  Marine  
  115  7:41  Marine  
  115  7:42  Viking, Marine  
  117  7:45  SCV  
  117  7:50  Supply Depot x2  
  117  7:52  SCV, Siege Tank  
  117  7:57  Marine x2  
  102  7:58  Marine  
  102  7:59  Marine  
  102  8:00  Marine  
Show
View Real Time Build Order
Export as new Build Order

uThermal Terran - Winner!

Build Orders:  

Get SALT Encoding   

  12  0:00  SCV  
  13  0:12  SCV  
  14  0:16  Supply Depot  
  14  0:24  SCV  
  15  0:38  SCV  
  15  0:40  Barracks  
  16  0:44  Refinery  
  16  0:50  SCV  
  16  0:51  Refinery  
  17  1:02  SCV  
  18  1:14  SCV  
  19  1:27  Orbital Command, Reaper  
  20  1:32  Supply Depot  
  20  1:42  Factory  
  20  1:53  SCV  
  21  1:59  Barracks Reactor  
  21  2:05  SCV  
  22  2:17  SCV  
  23  2:23  Command Center  
  23  2:29  Hellion  
  25  2:31  SCV  
  26  2:37  Reaper x2  
  26  2:43  Supply Depot  
  28  2:47  SCV  
  31  2:51  Hellion  
  31  3:03  Starport  
  31  3:05  SCV  
  32  3:09  Reaper x2  
  34  3:13  Hellion  
  34  3:17  SCV  
  37  3:25  Refinery  
  37  3:29  SCV  
  38  3:35  Orbital Command  
  38  3:36  Factory Tech Lab  
  38  3:40  Starport Tech Lab  
  38  3:41  Marine x2  
  38  3:44  SCV  
  41  3:54  Cyclone  
  44  3:56  SCV  
  44  3:59  Raven  
  44  4:00  SCV  
  46  4:06  Marine  
  46  4:08  SCV  
  46  4:09  Marine  
  49  4:13  SCV  
  49  4:15  Supply Depot  
  50  4:22  SCV  
  51  4:25  SCV, Supply Depot  
  51  4:30  Marine x2  
  54  4:37  SCV, Siege Tank  
  54  4:38  SCV  
  59  4:42  Raven  
  61  4:47  Supply Depot  
  61  4:48  Marine  
  61  4:49  SCV  
  61  4:50  SCV, Marine  
  65  5:01  SCV  
  65  5:02  SCV  
  65  5:06  Command Center  
  67  5:08  Marine  
  67  5:09  Marine  
  67  5:13  Siege Tank  
  72  5:18  SCV  
  72  5:19  SCV, Supply Depot  
  74  5:26  Refinery  
  74  5:30  SCV  
  74  5:31  SCV  
  74  5:34  Viking  
  78  5:38  Supply Depot  
  78  5:40  Viking  
  80  5:44  SCV  
  80  5:45  Siege Tank  
  80  5:47  SCV  
  85  5:51  Marine, Stimpack  
  85  5:53  Supply Depot  
  86  5:59  SCV  
  86  6:00  SCV  
  86  6:04  Viking  
  88  6:10  Viking, Marine  
  93  6:11  SCV  
  93  6:15  SCV, Supply Depot  
  93  6:18  Siege Tank  
  98  6:23  SCV  
  99  6:27  SCV, Marine  
  99  6:31  Barracks  
  101  6:33  Barracks  
  101  6:35  SCV  
  101  6:37  Viking  
  104  6:40  Viking  
  104  6:44  SCV  
  104  6:45  Marine  
  108  6:48  SCV  
  108  6:51  Siege Tank  
  112  6:57  Orbital Command  
  110  7:04  Engineering Bay  
  110  7:05  Engineering Bay  
  110  7:06  SCV x2  
  110  7:07  Marine  
  113  7:17  Viking  
  113  7:18  SCV  
  114  7:23  Siege Tank  
  114  7:24  Viking  
  114  7:25  SCV  
  114  7:35  SCV  
  114  7:39  SCV  
  112  7:44  SCV  
  112  7:46  Barracks Reactor x2  
  112  7:47  Viking, SCV  
  112  7:50  Marine  
  115  7:53  SCV  
  115  7:54  Viking  
  115  7:56  SCV  
  111  8:00  SCV  
  111  8:05  SCV  
  108  8:08  SCV  
  108  8:12  SCV  

Tags
 
Add a new tag
Caveats
  • Supply blocks, unpowered buildings, or Contaminate may cause inaccurate times.
  • Supply counts are checked every 10 seconds.